 Dungeon Crawl Stone Soup version 0.29.1-12-g30fa7ad0bf (webtiles) character file.

Game seed: 3956620106003680323

50 hawla the Chiller (level 4, 0/33 HPs)
             Began as a Meteoran Ice Elementalist on Jan 14, 2023.
             Slain by a frilled lizard (2 damage)
             ... in a sewer.
             The game lasted 00:02:27 (247 turns).

hawla the Chiller (Meteoran Ice Elementalist)        Turns: 247, Time: 00:02:29

Health: 0/33       AC:  2    Str:  9    XL:     4   Next: 24%
Magic:  7/10       EV: 13    Int: 19    God:
Gold:   0          SH:  0    Dex: 14    Spells: 5/9 levels left

rFire   . . .      SeeInvis .   (no weapon)
rCold   . . .      Faith    .   (no shield)
rNeg    . . .      Spirit   .   a - +0 robe
rPois   .          Reflect  .   (no helmet)
rElec   .          Harm     .   (no cloak)
rCorr   .          Rampage  .   (no gloves)
Will    .....                   (no boots)
Stlth   +.........              (no amulet)
HPRegen 0.11/turn               (no ring)
MPRegen 0.12/turn               (no ring)

@: glowing, very slow
A: sense surroundings 1, otherworldly, glowing, explore regen
a: no special abilities


You were in a sewer.
You visited 1 branch of the dungeon, and saw 3 of its levels.
You also visited: Sewer.

Inventory:

Armour
 a - a +0 robe (worn)
Scrolls
 c - a scroll of torment {unknown}


   Skills:
 + Level 3.0 Dodging
 - Level 1.4 Stealth
 + Level 3.4 Spellcasting
 + Level 5.2 Ice Magic


You had 5 spell levels left.
You knew the following spells:

 Your Spells              Type           Power      Damage    Failure   Level
a - Freeze                Ice            92%        1d10      1%          1
b - Frozen Ramparts       Ice            46%        1d7       4%          3

Your spell library contained the following spells:

 Spells                   Type           Power      Damage    Failure   Level
 Ozocubu's Armour         Ice            23%        N/A       4%          3
 Hailstorm                Conj/Ice       13%        3d5       45%         4


Dungeon Overview and Level Annotations

Branches:
Dungeon (3/15) Zot: 1703    Sewer (1/1) Zot: 415

Altars:


Innate Abilities, Weirdness & Mutations

You passively map a small area around you.
You are easily found by Zot.
You glow in the dark.
You regain HP and MP as you explore.


Message History

You freeze the endoplasm.
The endoplasm is moderately wounded.
The frilled lizard bites you. The endoplasm freezes you.
You are frozen.
* * * LOW HITPOINT WARNING * * *
Magic courses through your body. The frilled lizard bites you.
* * * LOW HITPOINT WARNING * * *
The endoplasm hits you.
* * * LOW HITPOINT WARNING * * *
Casting: Freeze (safe; 1% risk of failure)
Confirm with . or Enter, or press ? or * to list all spells.
Aiming: Freeze (safe; 1% risk of failure)
Press: ? - help, Shift-Dir - straight line, f/p - endoplasm
Aim: an endoplasm (moderately wounded)
You freeze the endoplasm.
The endoplasm is heavily wounded.
The frilled lizard bites you but does no damage.
The endoplasm freezes you.
You are frozen.
* * * LOW HITPOINT WARNING * * *
Casting: Freeze (safe; 1% risk of failure)
Confirm with . or Enter, or press ? or * to list all spells.
Aiming: Freeze (safe; 1% risk of failure)
Press: ? - help, Shift-Dir - straight line, f/p - endoplasm
Aim: an endoplasm (heavily wounded)
You freeze the endoplasm.
The endoplasm is almost dead.
The frilled lizard bites you.
* * * LOW HITPOINT WARNING * * *
The endoplasm hits you but does no damage.
Casting: Freeze (safe; 1% risk of failure)
Confirm with . or Enter, or press ? or * to list all spells.
Aiming: Freeze (safe; 1% risk of failure)
Press: ? - help, Shift-Dir - straight line, f/p - endoplasm
Aim: an endoplasm (almost dead)
You freeze the endoplasm.
You kill the endoplasm!
The frilled lizard bites you.
You die...

#### * #~~##
~ ~ * ** ,
##~~# ~ ~
#~~~# * ~ ~
##~~## *
~##~..#
###~~~~# * ~
#####~~~~~##
~
~~~.~~†~~##
~.~~~.l@##
~~..~~###
#.∩.##*
####*


You could see a frilled lizard.

Vanquished Creatures
  2 adders (Sewer)
  7 ball pythons
  5 endoplasms (Sewer)
  5 giant cockroaches (Sewer)
  A hobgoblin (D:1)
  2 jackals (D:1)
  A quokka (Sewer)
  A bat (D:1)
  5 frilled lizards (Sewer)
  A kobold (D:1)
  A rat (D:1)
31 creatures vanquished.

Notes
Turn   | Place    | Note
-------+----------+-------------------------------------------
     0 | D:1      | hawla the Meteoran Ice Elementalist began the quest for the
                  | Orb.
     0 | D:1      | Reached XP level 1. HP: 14/14 MP: 5/5
    50 | D:1      | Reached XP level 2. HP: 17/20 MP: 0/6
    89 | D:3      | Found a glowing drain.
    97 | Sewer    | Entered a sewer
   131 | Sewer    | Reached XP level 3. HP: 26/26 MP: 1/8
   132 | Sewer    | Reached skill level 5 in Ice Magic
   185 | Sewer    | Reached XP level 4. HP: 33/33 MP: 0/10
   189 | Sewer    | Learned a level 3 spell: Frozen Ramparts
   247 | Sewer    | Slain by a frilled lizard

Illustrated notes

Levels and vault maps discovered:
D:1:      tarquinn_simple_flora_water_d, layout_basic, serial_shops,
          nicolae_shop_temple_entry_statues_fountains,
          amcnicky_mini_corridor_feature
D:2:      layout_loops_corners, hellmonk_ecumenical_altar_lost_god,
          serial_bayou_ford_a, minmay_misc_feat_room, minivault_11
D:3:      layout_rooms, tso_altar, cheibrodos_sewer_entry_sluice
Sewer:    sewer_frog_island_02

Skill      XL: |  1  2  3 |
---------------+----------+-----
Spellcasting   | 3 |  3.4
Ice Magic      | 5 |  5.2
Dodging        | 3 |  3.0
Stealth        | |  1.4

Action                   |  1- 3 |  4- 6 || total
-------------------------+-------+-------++-------
Melee: Unarmed           |     9 |    25 ||    34
 Cast: Freeze            |    29 |    13 ||    42
  Use: Potion            |       |     1 ||     1
Armor: Robe              |    16 |     8 ||    24
Dodge: Dodged            |    31 |    17 ||    48
